 Dungeon Crawl Stone Soup version 0.26.1-2-gb8aa6d0cf2 (webtiles) character file.

Game seed: 4912276201032737576

392 Descartes the Conjurer (level 6, -1/32 HPs)
             Began as a Deep Elf Conjurer on Mar 14, 2021.
             Slain by Duvessa
             ... wielding a +0 short sword
              (5 damage)
             ... on level 4 of the Dungeon.
             The game lasted 00:11:41 (4051 turns).

Descartes the Conjurer (Deep Elf Conjurer)          Turns: 4051, Time: 00:11:43

Health: -1/32      AC:  6    Str:  4    XL:     6   Next: 50%
Magic:  1/15       EV: 14    Int: 31    God:
Gold:   249        SH:  0    Dex: 19    Spells: 14/15 levels left

rFire    . . .     SeeInvis .   d - +0 dagger (speed)
rCold    . . .     Faith    .   (no shield)
rNeg     . . .     Spirit   .   b - +0 leather armour
rPois    .         Reflect  .   u - +0 helmet
rElec    .         Harm     .   k - +0 cloak
rCorr    .         Rampage  .   (no gloves)
Will     .....                  l - +0 pair of boots (curse)
Stlth    ++........             (no amulet)
HPRegen  0.10/turn              f - +6 ring of dexterity
MPRegen  0.14/turn              a - +6 ring of intelligence

@: no status effects
A: no striking features
a: no special abilities


You were on level 4 of the Dungeon.
You visited 1 branch of the dungeon, and saw 4 of its levels.

You collected 249 gold pieces.

Inventory:

Hand Weapons
 d - a +0 dagger of speed (weapon)
 i - a +0 hunting sling
Missiles
 h - 100 stones
 s - 28 arrows
 t - 12 sling bullets
 w - 13 poisoned darts
Armour
 b - a +0 leather armour (worn)
 k - a +0 cloak (worn)
 l - a cursed +0 pair of boots (worn)
 n - a +0 kite shield
 u - a +0 helmet (worn)
Jewellery
 a - a +6 ring of intelligence (right hand)
 f - a +6 ring of dexterity (left hand)
Wands
 x - a wand of paralysis (10)
 C - a wand of disintegration (12)
Scrolls
 c - 6 scrolls of identify {unknown}
 j - a scroll of remove curse {unknown}
 m - a scroll of enchant armour {unknown}
 o - 4 scrolls of enchant weapon {unknown}
 q - 2 scrolls of amnesia {unknown}
 v - a scroll of blinking {unknown}
 y - a scroll of teleportation {unknown}
 A - a scroll of fear {unknown}
Potions
 e - 2 potions of curing {unknown}
 g - 2 potions of berserk rage {unknown}
 p - a potion of ambrosia {unknown}
 r - 2 potions of attraction {unknown}
 z - a potion of might {unknown}
 B - 2 potions of flight {unknown}


   Skills:
 - Level 5.0 Dodging
 - Level 2.4 Stealth
 + Level 3.3 Shields
 - Level 5.0 Spellcasting
 - Level 5.0 Conjurations


You had 14 spell levels left.
You knew the following spells:

 Your Spells              Type           Power        Failure   Level
a - Magic Dart            Conj           100%         1%          1

Your spell library contained the following spells:

 Spells                   Type           Power        Failure   Level
 Searing Ray              Conj           76%          1%          2
 Dazzling Flash           Conj/Hex       46%          11%         3
 Fulminant Prism          Conj/Hex       11%          34%         4
 Iskenderun's Mystic Bla  Conj/Tloc      23%          34%         4


Dungeon Overview and Level Annotations

Branches:
Dungeon (4/15)
 Temple: D:4-7

Altars:
Ru
Xom

Shops:
D:4 =:

Annotations:
D:3 1 runed translucent door, Crazy Yiuf
D:4 Dowan, Duvessa


Message History

Duvessa is almost dead.
Duvessa misses you.
Casting: Magic Dart (safe; 1% risk of failure)
Confirm with . or Enter, or press ? or * to list all spells.
Aiming: Magic Dart (safe; 1% risk of failure)
Press: ? - help, Shift-Dir - straight line, f/p - Duvessa
Aim: Duvessa, wielding a +0 short sword and wearing a +0 ring mail of willpower (almost dead, 0% to evade)
The magic dart hits Duvessa but does no damage.
Duvessa is almost dead.
Duvessa hits you with a +0 short sword!
* * * LOW HITPOINT WARNING * * *
Casting: Magic Dart (safe; 1% risk of failure)
Confirm with . or Enter, or press ? or * to list all spells.
Aiming: Magic Dart (safe; 1% risk of failure)
Press: ? - help, Shift-Dir - straight line, f/p - Duvessa
Aim: Duvessa, wielding a +0 short sword and wearing a +0 ring mail of willpower (almost dead, 0% to evade)
The magic dart hits Duvessa but does no damage.
Duvessa is almost dead.
Duvessa hits you with a +0 short sword.
You die...

#####)..........#
#..##......##..##
.>..#......##...#
...##..##...#...#####
...##+###...'.e##...##
#..##...#...#........#
#..##...#..##..##....#
...##..##..######....#
...##..##...# #@....#
...#...'....# #.e...#
...#...#....# ##...##
...#...#....# #####
...######..##
...##..##..##
....#.)'....#
e...#..#....#
#..######..##


You could see Duvessa.

Vanquished Creatures
  Sigmund (D:2)
  An orc wizard (D:2)
  Jessica (D:2)
  An iguana (D:4)
  5 adders
  2 adder skeletons (D:2)
  A worm (D:3)
  2 dart slugs (D:2)
  2 leopard geckos
  5 orcs
  A ball python (D:1)
  8 bats
  A bat skeleton (D:2)
  5 giant cockroaches
  11 goblins
  8 hobgoblins
  3 jackals
  2 quokkas
  2 frilled lizards (D:2)
  7 kobolds
  3 leopard gecko skeletons (D:2)
  2 quokka skeletons (D:2)
  3 rats
77 creatures vanquished.

Vanquished Creatures (others)
  An orc wizard (D:3)
  3 withered plants (D:2)
4 creatures vanquished.

Grand Total: 81 creatures vanquished

Notes
Turn   | Place    | Note
-------+----------+-------------------------------------------
     0 | D:1      | Descartes the Deep Elf Conjurer began the quest for the
                  | Orb.
     0 | D:1      | Reached XP level 1. HP: 10/10 MP: 6/6
   236 | D:1      | Reached XP level 2. HP: 15/15 MP: 6/8
   244 | D:1      | Reached skill level 5 in Conjurations
   754 | D:1      | Reached XP level 3. HP: 19/19 MP: 0/10
  1196 | D:2      | Noticed Jessica
  1199 | D:2      | Killed Jessica
  1200 | D:2      | Reached skill level 5 in Spellcasting
  1212 | D:2      | Reached XP level 4. HP: 24/24 MP: 2/13
  1438 | D:2      | Noticed Sigmund
  1447 | D:2      | Killed Sigmund
  1448 | D:2      | Reached XP level 5. HP: 27/28 MP: 5/14
  1595 | D:2      | Found a sacrificial altar of Ru.
  1639 | D:2      | Reached XP level 6. HP: 19/32 MP: 9/15
  2071 | D:2      | Reached skill level 5 in Dodging
  2220 | D:2      | Found a faded altar of an unknown god.
  2379 | D:3      | Found a shimmering altar of Xom.
  2379 | D:3      | Found a shimmering altar of Xom.
  2379 | D:3      | Found a shimmering altar of Xom.
  2380 | D:3      | Found a shimmering altar of Xom.
  2380 | D:3      | Found a shimmering altar of Xom.
  2438 | D:3      | Found a shimmering altar of Xom.
  2439 | D:3      | Found a shimmering altar of Xom.
  2549 | D:3      | Found a runed translucent door.
  2550 | D:3      | Noticed Crazy Yiuf
  3404 | D:4      | Found Duekkoq's Book Emporium.
  3631 | D:4      | Found Botsud's Jewellery Boutique.
  3675 | D:4      | Noticed Duvessa
  3677 | D:4      | Noticed Dowan
  4051 | D:4      | Slain by Duvessa

Illustrated notes

Levels and vault maps discovered:
D:1:      giann_horns, layout_basic, wad_floor_pattern_2, minmay_misc_feat_cross
D:2:      layout_loops_cross, chequers_ecumenical_altar_grove, serial_undead,
          serial_undead_d, serial_undead_a, serial_undead_a, serial_undead_e,
          serial_undead_d, serial_undead_c, serial_undead_c, serial_undead_f,
          nicolae_ru_great_annihilating_truth, uniq_sigmund, uniq_jessica
D:3:      layout_basic, xom_redecorated, uniq_crazy_yiuf_cottage
D:4:      layout_gridville, general_overflow_altar, serial_shops, shop,
          minmay_shop_enchanted_jewellery, minmay_cupped, uniq_menkaure,
          uniq_duvessa, uniq_pikel

Skill      XL: |  1  2  3  4  5  6 |
---------------+-------------------+-----
Conjurations   | 5 |  5.0
Spellcasting   | 4 5 |  5.0
Dodging        | 3 4 5 |  5.0
Shields        | 2 3 |  3.3
Stealth        | |  2.4

Action                   |  1- 3 |  4- 6 || total
-------------------------+-------+-------++-------
Melee: Dagger            |       |    34 ||    34
 Cast: Magic Dart        |    62 |   148 ||   210
Armor: Leather armour    |       |    17 ||    17
Dodge: Dodged            |     3 |    28 ||    31
